 Dungeon Crawl Stone Soup version 0.32-a0-450-g080537f31e (webtiles) character file.

Game seed: 8880366988729944255

35 Dittersdorf the Trooper (level 3, -1/24 HPs)
             Began as a Gargoyle Fighter on Feb 23, 2024.
             Killed from afar by an orc wizard (2 damage)
             ... with a magic dart
             ... on level 2 of the Dungeon.
             The game lasted 00:00:51 (1212 turns).

Dittersdorf the Trooper (Gargoyle Fighter)          Turns: 1212, Time: 00:00:51

Health: -1/24      AC: 10    Str: 21    XL:     3   Next: 33%
Magic:  3/3        EV:  9    Int:  8    God:
Gold:   74         SH:  4    Dex:  9    Spells: 2/2 levels left

rFire   . . .        a - +0 flail
rCold   . . .        c - +0 buckler
rNeg    + . .        b - +0 scale mail
rPois   ∞            (no helmet)
rElec   +            (no cloak)
rCorr   .            (no gloves)
SInv    .            (no boots)
Will    .....        (no amulet) Stlth
                     (no ring)
HPRegen 0.24/turn    (no ring)
MPRegen 0.08/turn

%: no passive effects
@: no status effects
A: sickness immunity, AC +3, negative energy resistance 1, electricity
resistance, torment resistance 1, petrification resistance
a: no special abilities


You were on level 2 of the Dungeon.
You visited 1 branch of the dungeon, and saw 2 of its levels.

You collected 74 gold pieces.

Inventory:

Hand Weapons
 a - a +0 flail (weapon)
Armour
 b - a +0 scale mail (worn)
 c - a +0 buckler (worn)
Scrolls
 f - a scroll of teleportation {unknown}
 g - 2 scrolls of identify {unknown}
 i - a scroll of revelation {unknown}
 j - a scroll of enchant weapon {unknown}
Potions
 d - a potion of might
 e - a potion of heal wounds {unknown}
 h - a potion of curing {unknown}


   Skills:
 + Level 3.7 Fighting
 + Level 2.4 Maces & Flails
 + Level 3.7 Armour
 + Level 3.7 Shields


You had 2 spell levels left.
You didn't know any spells.
Your spell library contained the following spells:

 Spells                   Type           Power      Damage    Failure   Level
 Inner Flame              Hex/Fire       0%         N/A       99%         3
 Irradiate                Conj/Alch      0%         3d11      100%        5
 Ignition                 Fire           0%         3d3       100%        8


Dungeon Overview and Level Annotations

Branches:
Dungeon (2/15)

Altars:

Shops:
D:2 :


Innate Abilities, Weirdness & Mutations

You are immune to sickness and miasma.
Your stone body is resilient. (AC +3)
You are immune to poison.
You resist negative energy. (rN+)
You are resistant to electric shocks. (rElec)
You are resistant to unholy torment.
You are immune to petrification.


Message History

You're too confused to move!
You completely miss something.
You hear some strange, mumbled words.
Something tries to affect you, but you resist.
The orc barely misses you. Something hits you.
* * * LOW HITPOINT WARNING * * *
You miss something.
You feel less confused. The orc barely misses you.
You block something's attack. The orc barely misses you.
You hit something. You block something's attack. The orc barely misses you.
You miss something.
You hear some strange, mumbled words.
Something tries to affect you, but you resist.
You block the orc's attack.
You hear some strange, mumbled words.
Something tries to affect you, but you resist.
You thump something! You block the orc's attack.
Something hits you but does no damage. The orc barely misses you.
You barely miss something. Something hits you but does no damage.
The orc hits you but does no damage. Something hits you but does no damage.
You closely miss something. The orc completely misses you.
You hear some strange, mumbled words.
Something tries to affect you, but you resist.
You closely miss something. You block the orc's attack.
Something hits you but does no damage. The orc barely misses you.
You miss something. Something hits you but does no damage.
The orc closely misses you.
You closely miss something. Something hits you.
* * * LOW HITPOINT WARNING * * *
The orc hits you with a +0 flail.
* * * LOW HITPOINT WARNING * * *
You block something's attack.
You miss something. The orc hits you but does no damage.
Something hits you but does no damage. You block the orc's attack.
You barely miss something.
You hear some strange, mumbled words.
A magic dart appears from out of thin air!
The magic dart hits you.
You die...

#.###...####.#####
#......# #.#
##.######## #.#
##...#[..... ...
#......# #.#
#....#########.#
#.#............#
#.#{#########
#Bo@# #J###
#####)#
..>#B#######
#o#........
####...#######
#......# #.##...#
###.##..?#######


You could see an orc, an endoplasm and a giant cockroach.

Vanquished Creatures
  A dart slug (D:1)
  3 orcs (D:2)
  2 endoplasms (D:1)
  2 giant cockroaches
  A goblin (D:2)
  A hobgoblin (D:2)
  6 jackals
  A quokka (D:2)
  2 ball pythons
  A bat (D:1)
  3 frilled lizards
  2 kobolds (D:1)
  3 rats
28 creatures vanquished.

Notes
Turn   | Place    | Note
-------+----------+-------------------------------------------
     0 | D:1      | Dittersdorf the Gargoyle Fighter began the quest for the
                  | Orb.
     0 | D:1      | Reached XP level 1. HP: 14/14 MP: 1/1
   195 | D:1      | Reached XP level 2. HP: 7/19 MP: 2/2
  1021 | D:2      | Found Roaguk's Book Shoppe.
  1149 | D:2      | Reached XP level 3. HP: 21/23 MP: 3/3
  1210 | D:2      | HP: 1/24 [orc/+0 flail (5)]
  1212 | D:2      | Killed from afar by an orc wizard

Illustrated notes

Levels and vault maps discovered:
D:1:      psy_arrival_radial01, layout_basic, st_stairs_8,
          chequers_serial_rivers_marsh
D:2:      layout_loops_ring, shapermc_ecumenical_altar_gd, serial_shops, shop,
          uniq_terence, uniq_jessica, uniq_sigmund

Action                     || total
---------------------------++-------
  Melee: Flail             ||   136
 Armour: Scale mail        ||   118
  Dodge: Dodged            ||    90
  Block: Buckler           ||    43

Table legend: (Time is in decaauts)
 A = Elapsed time spent in this place.
 B = Non-inter-level travel time spent in this place.
 C = Inter-level travel time spent in this place.
 D = Time resting spent in this place.
 E = Time spent auto-exploring this place.
 F = Levels seen in this place.
 G = Mean time per level.
                   A        B        C        D        E       F      G
               +--------+--------+--------+--------+--------+-----+--------+
         Total |   1258 |   1211 |     47 |      0 |    933 |   2 |  629.0 |
       Dungeon |   1258 |   1211 |     47 |      0 |    933 |   2 |  629.0 |
               +--------+--------+--------+--------+--------+-----+--------+

Top non-repeatable levels by time:
     D:1: 1075 daAuts
     D:2: 183 daAuts
